 Dungeon Crawl Stone Soup version 0.13-a0-2236-g7be3fc8 (webtiles) character file.

246 Kae the Cudgeler (level 4, 0/40 HPs)
             Began as a Minotaur Berserker on July 4, 2013.
             Was a Priest of Trog.
             Succumbed to a kobold's poison
             ... on Level 3 of the Dungeon.
             The game lasted 00:02:25 (2067 turns).

Kae the Cudgeler (Minotaur Berserker)               Turns: 2067, Time: 00:02:25

HP   0/40        AC  8     Str 22      XL: 4   Next: 56%
MP   1/1         EV  7     Int  5      God: Trog [***...]
Gold 139         SH  0     Dex  9      Spells:  0 memorised,  3 levels left

Res.Fire  : . . .   See Invis. : .   a - +0 mace
Res.Cold  : . . .   Warding    : .   o - +0 chain mail
Life Prot.: . . .   Conserve   : .   (no shield)
Res.Poison: .       Res.Corr.  : .   (helmet restricted)
Res.Elec. : .       Clarity    : .   (no cloak)
Sust.Abil.: . .     Spirit.Shd : .   (no gloves)
Res.Mut.  : .       Stasis     : .   (no boots)
Res.Rott. : .       Flight     : .   (no amulet)
Saprovore : . . .                    (no ring)
                                     (no ring)

@: mildly poisoned, slightly resistant to hostile enchantments, extremely
unstealthy
A: retaliatory headbutt, horns 2
a: Burn Spellbooks, Berserk, Trog's Hand, Renounce Religion


You were on level 3 of the Dungeon.
You worshipped Trog.
Trog was greatly pleased with you.
You were very hungry.

You visited 1 branch of the dungeon, and saw 3 of its levels.

You collected 119 gold pieces.

Inventory:

Hand weapons
 a - a +0,+0 mace (weapon)
Armour
 b - a +0 animal skin
 o - a +0 chain mail (worn)
Magical devices
 p - a wand of polymorph (0)
Comestibles
 c - 4 bread rations
 f - an apple
 g - a choko
 s - a meat ration
Scrolls
 d - 3 scrolls of identify {unknown}
 i - a scroll of curse weapon {unknown}
 j - 2 scrolls of fear {unknown}
 k - a scroll of blinking {unknown}
 m - 3 scrolls of remove curse {unknown}
 q - a scroll of noise {unknown}
 t - a scroll of random uselessness {unknown}
 u - 2 scrolls of fog {unknown}
 v - a scroll of amnesia {unknown}
 w - a scroll of enchant armour {unknown}
Jewellery
 l - an uncursed amulet of resist mutation {unknown}
Potions
 e - 4 potions of heal wounds {unknown}
 h - 2 potions of brilliance {unknown}
 n - a potion of agility {unknown}
 r - a potion of might {unknown}


   Skills:
 - Level 4.0 Fighting
 + Level 5.8 Maces & Flails
 - Level 2.6 Armour
 - Level 2.9 Dodging


You had 3 spell levels left.
You didn't know any spells.

Dungeon Overview and Level Annotations

Branches:
Dungeon (3/27)

Altars:
Ashenzari
Cheibriados
Elyvilon
Fedhas
Okawaru
Trog
the Shining One


Innate Abilities, Weirdness & Mutations

You reflexively headbutt those who attack you in melee.
You have a pair of horns on your head.


Message History

You start resting.
* * * LOW HITPOINT WARNING * * *
You feel sick.
You start resting.
* * * LOW HITPOINT WARNING * * *
You feel sick.
You start resting.
* * * LOW HITPOINT WARNING * * *
You feel sick.
You start resting.
* * * LOW HITPOINT WARNING * * *
You feel sick.
You start resting.
* * * LOW HITPOINT WARNING * * *
You feel sick.
You start resting.
* * * LOW HITPOINT WARNING * * *
You feel sick.
You start resting.
You die...

.## ######.######......# .#
#.....<# #......# .# #......#
#####.## .############......#
#.# ...................# #.#
.############......# #.# ...#
########......# #.# .#.#
#.....##......##########.# .#.#
#.....##...@..#........(.#
.#.###..................)...).#
.#............................#
.#.#################..........#
.#.### #..........# .(...#
##########.# ..[..# #.# #....#
###### #.# ##(### #....# #.###


There were no monsters in sight!

Vanquished Creatures
  Ijyb (D:2)
  3 adders
  A worm (D:2)
  2 giant geckos (D:1)
  10 goblins
  10 hobgoblins
  6 bats
  2 giant cockroaches
  6 giant newts
  9 kobolds
  12 rats
62 creatures vanquished.

Vanquished Creatures (others)
  A goblin (D:1)
1 creature vanquished.

Grand Total: 63 creatures vanquished

Notes
Turn   | Place    | Note
--------------------------------------------------------------
     0 | D:1      | Kae, the Minotaur Berserker, began the quest for the Orb.
     0 | D:1      | Reached XP level 1. HP: 19/19 MP: 0/0
   170 | D:1      | Reached XP level 2. HP: 24/26 MP: 0/0
   268 | D:1      | Reached skill level 4 in Fighting
   942 | D:2      | Noticed Ijyb
   986 | D:2      | Killed Ijyb
   986 | D:2      | Reached XP level 3. HP: 30/33 MP: 1/1
  1004 | D:2      | Acquired Trog's second power
  1058 | D:2      | Found a glowing golden altar of the Shining One.
  1058 | D:2      | Found a snail-covered altar of Cheibriados.
  1278 | D:2      | Reached skill level 5 in Maces & Flails
  1310 | D:2      | Found a shattered altar of Ashenzari.
  1315 | D:2      | Found a white marble altar of Elyvilon.
  1315 | D:2      | Found a blossoming altar of Fedhas.
  1316 | D:2      | Found an iron altar of Okawaru.
  1505 | D:2      | Reached XP level 4. HP: 40/40 MP: 1/1
  1845 | D:3      | Found a bloodstained altar of Trog.
  2060 | D:3      | HP: 2/40 [poisoned by a kobold]
  2066 | D:3      | HP: 1/40 [poisoned by a kobold]
  2067 | D:3      | Succumbed to a kobold's poison

Action                   |  1- 3 |  4- 6 || total
-------------------------+-------+-------++-------
Melee: Mace              |    67 |    54 ||   121
       Unarmed           |    10 |       ||    10
